TOP OF THE 1ST |
Niagara Falls Frenzy batting - Pitching for Orlando Calrissian : LHP Mark Collins
|
Pitching: LHP Mark Collins
|
|
Batting: RHB Kel Pierce
|
0-0: Swinging Strike 0-1: Ball 1-1: Foul Ball, location: 2F 1-2: Ball 2-2: Foul Ball, location: 2F 2-2: Foul Ball, location: 2F 2-2: Strikes out looking
|
Batting: RHB Zander Tremblett
|
0-0: Ball 1-0: Called Strike 1-1: Swinging Strike 1-2: Ground out 4-3 (Groundball, 4S)
|
Batting: RHB Troy Lau
|
0-0: Swinging Strike 0-1: SINGLE (Line Drive, 34D)
|
Batting: LHB Clyde Yarbrough
|
0-0: Ball 1-0: Foul Ball, location: 2F 1-1: Ball 2-1: Swinging Strike 2-2: Ball 3-2: Fly out, F9 (Flyball, 89D)
|
Top of the 1st over - 0 run(s), 1 hit(s), 0 error(s), 1 left on base; Niagara Falls 0 - Orlando 0 |
BOTTOM OF THE 1ST |
Orlando Calrissian batting - Pitching for Niagara Falls Frenzy : RHP Blaine Yarbrough
|
Pitching: RHP Blaine Yarbrough
|
|
Batting: RHB José Pérez
|
0-0: Foul Ball, location: 2F 0-1: Ball 1-1: Ball 2-1: Foul Ball, location: 2F 2-2: Ground out 4-3 (Groundball, 4)
|
Batting: RHB Frederico Hernández
|
0-0: Called Strike 0-1: Ball 1-1: Ball 2-1: Ball 3-1: Ground out 6-3 (Groundball, 6)
|
Batting: RHB Rich Anderson
|
0-0: Ball 1-0: Ball 2-0: Ball 3-0: Base on Balls
|
Batting: RHB Raúl Canó
|
0-0: Called Strike 0-1: Called Strike 0-2: Strikes out swinging
|
Bottom of the 1st over - 0 run(s), 0 hit(s), 0 error(s), 1 left on base; Niagara Falls 0 - Orlando 0 |
TOP OF THE 2ND |
Niagara Falls Frenzy batting - Pitching for Orlando Calrissian : LHP Mark Collins
|
Batting: RHB Anastasio Villa
|
0-0: Called Strike 0-1: Ball 1-1: Ball 2-1: Swinging Strike 2-2: Ball 3-2: Strikes out swinging
|
Batting: LHB Yasuhiko Onodera
|
0-0: Ball 1-0: Fly out, F7 (Line Drive, 7)
|
Batting: SHB Héctor Padilla
|
0-0: Called Strike 0-1: Swinging Strike 0-2: Strikes out looking
|
Top of the 2nd over - 0 run(s), 0 hit(s), 0 error(s), 0 left on base; Niagara Falls 0 - Orlando 0 |
BOTTOM OF THE 2ND |
Orlando Calrissian batting - Pitching for Niagara Falls Frenzy : RHP Blaine Yarbrough
|
Batting: LHB Santiago Márquez
|
0-0: Ball 1-0: Foul Ball, location: 2F 1-1: Ball 2-1: Ball 3-1: Base on Balls
|
Batting: RHB Júlio Negrón
|
0-0: Called Strike 0-1: Ball 1-1: Swinging Strike 1-2: Foul Ball, location: 2F 1-2: Ball Wild Pitch! Santiago Márquez to second 2-2: Ball 3-2: Ground out 5-3 (Groundball, 56S) Santiago Márquez to third
|
Batting: SHB Brian Price
|
0-0: Swinging Strike 0-1: Ball 1-1: Ground out 3-1 (Groundball, 34) Santiago Márquez scores
|
Batting: RHB Jesús Gonzáles
|
0-0: Ball 1-0: Called Strike 1-1: Ball 2-1: Swinging Strike 2-2: Hit by Pitch
|
Batting: SHB Jaime Montés
|
0-0: Ball 1-0: Ball 2-0: Foul Ball, location: 2F 2-1: Called Strike 2-2: SINGLE (Groundball, 4D) Jesús Gonzáles to second Runner from 2nd tries for 3rd, SAFE, no throw
|
Batting: RHB José Pérez
|
0-0: Ground out 1-3 (Groundball, 15S)
|
Bottom of the 2nd over - 1 run(s), 1 hit(s), 0 error(s), 2 left on base; Niagara Falls 0 - Orlando 1 |
TOP OF THE 3RD |
Niagara Falls Frenzy batting - Pitching for Orlando Calrissian : LHP Mark Collins
|
Batting: RHB Jung-ha Kim
|
0-0: Called Strike 0-1: Called Strike 0-2: Strikes out looking
|
Batting: RHB Jorge Cora
|
0-0: Swinging Strike 0-1: Ball 1-1: Foul Ball, location: 2F 1-2: Strikes out swinging
|
Batting: RHB Kel Pierce
|
0-0: Swinging Strike 0-1: Called Strike 0-2: Strikes out swinging
|
Top of the 3rd over - 0 run(s), 0 hit(s), 0 error(s), 0 left on base; Niagara Falls 0 - Orlando 1 |
BOTTOM OF THE 3RD |
Orlando Calrissian batting - Pitching for Niagara Falls Frenzy : RHP Blaine Yarbrough
|
Batting: RHB Frederico Hernández
|
0-0: Called Strike 0-1: Ball 1-1: Swinging Strike 1-2: Ball 2-2: Ball 3-2: SINGLE (Flyball, 8LS)
|
Batting: RHB Rich Anderson
|
0-0: Ball 1-0: Foul Ball, location: 2F 1-1: Ball 2-1: Ball 3-1: Grounds into double play, 1-4-3 (Groundball, 15)
|
Batting: RHB Raúl Canó
|
0-0: Ball 1-0: Foul Ball, location: 2F 1-1: Ball 2-1: Called Strike 2-2: Foul Ball, location: 2F 2-2: Ground out 5-3 (Groundball, 56S)
|
Bottom of the 3rd over - 0 run(s), 1 hit(s), 0 error(s), 0 left on base; Niagara Falls 0 - Orlando 1 |
TOP OF THE 4TH |
Niagara Falls Frenzy batting - Pitching for Orlando Calrissian : LHP Mark Collins
|
Batting: RHB Zander Tremblett
|
0-0: Called Strike 0-1: SINGLE (Groundball, 6D)
|
Batting: RHB Troy Lau
|
0-0: Ball 1-0: Called Strike 1-1: Foul Ball, location: 2F 1-2: Ball 2-2: Strikes out looking
|
Batting: LHB Clyde Yarbrough
|
0-0: Foul Ball, location: 2F 0-1: Called Strike 0-2: Ball 1-2: Ball 2-2: Strikes out swinging
|
Batting: RHB Anastasio Villa
|
0-0: SINGLE (Groundball, 56D) Zander Tremblett to second
|
Batting: LHB Yasuhiko Onodera
|
0-0: Ball 1-0: Ball 2-0: Called Strike 2-1: Foul Ball, location: 2F 2-2: Fly out, F6 (Popup, 6D)
|
Top of the 4th over - 0 run(s), 2 hit(s), 0 error(s), 2 left on base; Niagara Falls 0 - Orlando 1 |
BOTTOM OF THE 4TH |
Orlando Calrissian batting - Pitching for Niagara Falls Frenzy : RHP Blaine Yarbrough
|
Batting: LHB Santiago Márquez
|
0-0: Called Strike 0-1: Ball 1-1: Swinging Strike 1-2: Foul Ball, location: 2F 1-2: Foul Ball, location: 2F 1-2: Ball 2-2: SINGLE (Flyball, 6MD)
|
Batting: RHB Júlio Negrón
|
0-0: Ball 1-0: Ball 2-0: Fielders Choice at 2nd, 6-4 (Groundball, 6)
|
Batting: SHB Brian Price
|
0-0: Called Strike 0-1: Called Strike 0-2: Strikes out looking
|
Batting: RHB Jesús Gonzáles
|
0-0: Foul Ball, location: 2F 0-1: Fielders Choice at 2nd, 5-4 (Groundball, 56)
|
Bottom of the 4th over - 0 run(s), 1 hit(s), 0 error(s), 0 left on base; Niagara Falls 0 - Orlando 1 |
TOP OF THE 5TH |
Niagara Falls Frenzy batting - Pitching for Orlando Calrissian : LHP Mark Collins
|
Batting: SHB Héctor Padilla
|
0-0: Called Strike 0-1: SINGLE (Flyball, 8LS)
|
Batting: RHB Jung-ha Kim
|
0-0: Ball 1-0: Called Strike 1-1: Ball 2-1: Ball 3-1: Called Strike Balk! Héctor Padilla to second 3-2: Strikes out looking
|
Batting: RHB Jorge Cora
|
0-0: Ground out 5-3 (Groundball, 56S) Héctor Padilla to third
|
Batting: RHB Kel Pierce
|
0-0: Foul Ball, location: 2F 0-1: Called Strike 0-2: Strikes out swinging
|
Top of the 5th over - 0 run(s), 1 hit(s), 0 error(s), 1 left on base; Niagara Falls 0 - Orlando 1 |
BOTTOM OF THE 5TH |
Orlando Calrissian batting - Pitching for Niagara Falls Frenzy : RHP Blaine Yarbrough
|
Batting: SHB Jaime Montés
|
0-0: Called Strike 0-1: Foul Ball, location: 2F 0-2: Ground out 6-3 (Groundball, 6)
|
Batting: RHB José Pérez
|
0-0: Ball 1-0: Hit by Pitch
|
Batting: RHB Frederico Hernández
|
0-0: Ball 1-0: Called Strike 1-1: Ball 2-1: SINGLE (Flyball, 8LS) José Pérez to second Runner from 2nd tries for 3rd, SAFE, throw made to third
|
Batting: RHB Rich Anderson
|
0-0: Called Strike 0-1: Hit by Pitch Frederico Hernández to second
|
Batting: RHB Raúl Canó
|
0-0: Ball 1-0: SINGLE (Groundball, 34D) José Pérez scores Frederico Hernández to third Rich Anderson to second Runner from 3rd tries for Home, SAFE, throw made home Rich Anderson to third Raúl Canó to second
|
Batting: LHB Santiago Márquez
|
0-0: Ball 1-0: Ball 2-0: Called Strike 2-1: Swinging Strike 2-2: Foul Ball, location: 2F 2-2: Fly out, F4 (Popup, 4D)
|
Batting: RHB Júlio Negrón
|
0-0: Ball 1-0: Foul Ball, location: 2F 1-1: Ball 2-1: Ball 3-1: Swinging Strike 3-2: SINGLE (Groundball, 5D) Rich Anderson scores Raúl Canó to third Raúl Canó scores
|
Batting: SHB Brian Price
|
0-0: Fly out, F7 (Flyball, 7LM)
|
Bottom of the 5th over - 4 run(s), 3 hit(s), 0 error(s), 1 left on base; Niagara Falls 0 - Orlando 5 |
TOP OF THE 6TH |
Niagara Falls Frenzy batting - Pitching for Orlando Calrissian : LHP Mark Collins
|
Batting: RHB Zander Tremblett
|
0-0: Ball 1-0: Foul Ball, location: 2F 1-1: Ball 2-1: Fly out, F8 (Flyball, 78S)
|
Batting: RHB Troy Lau
|
0-0: Called Strike 0-1: Ball 1-1: Ball 2-1: Ground out 6-3 (Groundball, 6D)
|
Batting: LHB Clyde Yarbrough
|
0-0: Ball 1-0: Foul Ball, location: 2F 1-1: DOUBLE (Line Drive, 7D)
|
Batting: RHB Anastasio Villa
|
0-0: Ground out 5-3 (Groundball, 56)
|
Top of the 6th over - 0 run(s), 1 hit(s), 0 error(s), 1 left on base; Niagara Falls 0 - Orlando 5 |
BOTTOM OF THE 6TH |
Orlando Calrissian batting - Pitching for Niagara Falls Frenzy : RHP Blaine Yarbrough
|
Pitching: RHP George Nelson
|
|
Batting: RHB Jesús Gonzáles
|
0-0: Swinging Strike 0-1: Ball 1-1: Reached on error, E5 (Groundball, 5L)
|
Batting: SHB Jaime Montés
|
0-0: Foul Ball, location: 2F 0-1: Called Strike Jesús Gonzáles steals 2nd base 0-2: Ground out 4-3 (Groundball, 4) Jesús Gonzáles to third
|
Batting: RHB José Pérez
|
0-0: Ball 1-0: Called Strike 1-1: Ball 2-1: Ball 3-1: Foul Ball, location: 2F 3-2: Strikes out swinging
|
Batting: RHB Frederico Hernández
|
0-0: Fly out, F6 (Line Drive, 6M)
|
Bottom of the 6th over - 0 run(s), 0 hit(s), 1 error(s), 1 left on base; Niagara Falls 0 - Orlando 5 |
TOP OF THE 7TH |
Niagara Falls Frenzy batting - Pitching for Orlando Calrissian : LHP Mark Collins
|
Batting: LHB Yasuhiko Onodera
|
0-0: Called Strike 0-1: Ball 1-1: Ball 2-1: Ground out 6-3 (Groundball, 6M)
|
Batting: SHB Héctor Padilla
|
0-0: Ball 1-0: Ball 2-0: Called Strike 2-1: Ball 3-1: Foul Ball, location: 2F 3-2: Foul Ball, location: 2F 3-2: Strikes out swinging
|
Batting: RHB Jung-ha Kim
|
0-0: Foul Ball, location: 2F 0-1: Swinging Strike 0-2: Foul Ball, location: 2F 0-2: Ball 1-2: Strikes out swinging
|
Top of the 7th over - 0 run(s), 0 hit(s), 0 error(s), 0 left on base; Niagara Falls 0 - Orlando 5 |
BOTTOM OF THE 7TH |
Orlando Calrissian batting - Pitching for Niagara Falls Frenzy : RHP George Nelson
|
Batting: RHB Rich Anderson
|
0-0: Ball 1-0: Called Strike 1-1: Swinging Strike 1-2: Ball 2-2: Ball 3-2: SINGLE (Groundball, 6D)
|
Batting: RHB Raúl Canó
|
0-0: Ball 1-0: Foul Ball, location: 2F 1-1: Called Strike 1-2: Ball 2-2: Strikes out swinging
|
Batting: LHB Santiago Márquez
|
0-0: Fielders Choice at 2nd, 1-6 (Groundball, 13)
|
Batting: RHB Júlio Negrón
|
0-0: Ball 1-0: Swinging Strike 1-1: Ball 2-1: Foul Ball, location: 2F 2-2: Ball 3-2: Foul Ball, location: 2F 3-2: Fly out, F6 (Popup, 56D)
|
Bottom of the 7th over - 0 run(s), 1 hit(s), 0 error(s), 1 left on base; Niagara Falls 0 - Orlando 5 |
TOP OF THE 8TH |
Niagara Falls Frenzy batting - Pitching for Orlando Calrissian : LHP Mark Collins
|
Batting: RHB Jorge Cora
|
0-0: Called Strike 0-1: DOUBLE (Line Drive, 78D)
|
Batting: RHB Kel Pierce
|
0-0: Ball 1-0: Called Strike 1-1: Fly out, F7 (Line Drive, 78M)
|
Batting: RHB Zander Tremblett
|
0-0: Foul Ball, location: 2F 0-1: Called Strike 0-2: Ball 1-2: Ball 2-2: SINGLE (Groundball, 34S) (infield hit) Jorge Cora to third
|
Batting: RHB Troy Lau
|
0-0: Ball 1-0: Foul Ball, location: 2F 1-1: Swinging Strike 1-2: Ball 2-2: Strikes out swinging
|
Pitching: RHP Will Huggins
|
|
Batting: LHB Clyde Yarbrough
|
0-0: Ball 1-0: Called Strike 1-1: Called Strike 1-2: Ball 2-2: Foul Ball, location: 2F 2-2: Ball 3-2: Ground out 4-3 (Groundball, 34D)
|
Top of the 8th over - 0 run(s), 2 hit(s), 0 error(s), 2 left on base; Niagara Falls 0 - Orlando 5 |
BOTTOM OF THE 8TH |
Orlando Calrissian batting - Pitching for Niagara Falls Frenzy : RHP George Nelson
|
Batting: SHB Brian Price
|
0-0: Ball 1-0: Swinging Strike 1-1: Called Strike 1-2: SINGLE (Groundball, 6) (infield hit)
|
Batting: RHB Jesús Gonzáles
|
0-0: Called Strike 0-1: Ball 1-1: Called Strike 1-2: Ball 2-2: Ball 3-2: Fielders Choice at 2nd, 1-6 (Groundball, 13)
|
Batting: SHB Jaime Montés
|
0-0: Called Strike Jesús Gonzáles is caught stealing 2nd base 0-1: Ball 1-1: Ball 2-1: Foul Ball, location: 2F 2-2: Ball 3-2: Foul Ball, location: 2F 3-2: Strikes out swinging
|
Bottom of the 8th over - 0 run(s), 1 hit(s), 0 error(s), 0 left on base; Niagara Falls 0 - Orlando 5 |
TOP OF THE 9TH |
Niagara Falls Frenzy batting - Pitching for Orlando Calrissian : RHP Will Huggins
|
Batting: RHB Anastasio Villa
|
0-0: Called Strike 0-1: Ball 1-1: Foul Ball, location: 2F 1-2: Ball 2-2: SINGLE (Line Drive, 7LS)
|
Batting: LHB Yasuhiko Onodera
|
0-0: Called Strike 0-1: Foul Ball, location: 2F 0-2: Ball 1-2: Ball 2-2: 2-RUN HOME RUN (Flyball, 8RXD), Distance : 412 ft
|
Pitching: LHP Xavier Velázquez
|
|
Batting: SHB Héctor Padilla
|
0-0: Foul Ball, location: 2F 0-1: Called Strike 0-2: Foul Ball, location: 2F 0-2: Ball 1-2: Foul Ball, location: 2F 1-2: Ball 2-2: Ball 3-2: Strikes out swinging
|
Batting: RHB Jung-ha Kim
|
0-0: Ball 1-0: Foul Ball, location: 2F 1-1: Foul Ball, location: 2F 1-2: Foul Ball, location: 2F 1-2: Strikes out swinging
|
Batting: RHB Jorge Cora
|
0-0: Called Strike 0-1: Swinging Strike 0-2: Strikes out swinging
|
Top of the 9th over - 2 run(s), 2 hit(s), 0 error(s), 0 left on base; Niagara Falls 2 - Orlando 5 |
|